SL
SAN MATEO DIRTY REDS @ LAS VEGAS FLAMINGOS
09/24/2041
 
TOP OF THE 1ST
San Mateo Dirty Reds batting - Pitching for Las Vegas Flamingos : RHP Kagetoki Matsubara
Pitching: RHP Kagetoki Matsubara
Batting: LHB Quitério Ruah 0-0: Called Strike
0-1: Ball
1-1: Ball
2-1: Ball
3-1: Foul Ball, location: 2F
3-2: SINGLE (Groundball, 4MD, EV 95.0 MPH)
Batting: RHB Kawenaula Alohalani 0-0: Ball
1-0: Grounds into double play, 4-6-3 (Groundball, 4MD, EV 84.4 MPH)
Batting: LHB Esteban Sifuentes 0-0: DOUBLE (Flyball, 7LD, EV 101.9 MPH)
Batting: RHB Tae-cho Han 0-0: Ball
1-0: Foul Ball, location: 2F
1-1: Ball
2-1: Ball
3-1: Called Strike
3-2: Base on Balls
Batting: RHB Zahid Kashani 0-0: Ball
1-0: Fly out, F9 (Flyball, 9S, EV 81.9 MPH)
Top of the 1st over - 0 runs, 2 hits, 0 errors, 2 left on base; San Mateo 0 - Las Vegas 0
BOTTOM OF THE 1ST
Las Vegas Flamingos batting - Pitching for San Mateo Dirty Reds : RHP Justin Frederick
Pitching: RHP Justin Frederick
Batting: LHB Dirk Horwedel 0-0: Called Strike
0-1: Ball
1-1: Fly out, F3 (Line Drive, 3, EV 66.9 MPH)
Batting: LHB Cisco Hernández 0-0: Ball
1-0: Ball
2-0: Fly out, F7 (Flyball, 78M, EV 97.5 MPH)
Batting: LHB Chan-ho Shinn 0-0: Ball
1-0: Foul Ball, location: 2F
1-1: Ground out 3-1 (Groundball, 3S, EV 91.9 MPH)
Bottom of the 1st over - 0 runs, 0 hits, 0 errors, 0 left on base; San Mateo 0 - Las Vegas 0
TOP OF THE 2ND
San Mateo Dirty Reds batting - Pitching for Las Vegas Flamingos : RHP Kagetoki Matsubara
Batting: LHB Palaie Gaoteote 0-0: Ground out U3 (Groundball, 3L, EV 82.5 MPH)
Batting: RHB Nelson Jaramillo 0-0: Called Strike
0-1: Fly out, F8 (Flyball, 78XD, EV 86.2 MPH)
Batting: LHB Richard Edwards 0-0: Foul Ball, location: 2F
0-1: Foul Ball, location: 2F
0-2: Foul Ball, location: 2F
0-2: Fly out, F7 (Flyball, 78S, EV 71.9 MPH)
Top of the 2nd over - 0 runs, 0 hits, 0 errors, 0 left on base; San Mateo 0 - Las Vegas 0
BOTTOM OF THE 2ND
Las Vegas Flamingos batting - Pitching for San Mateo Dirty Reds : RHP Justin Frederick
Batting: LHB Joo-Chan Park 0-0: Foul Ball, location: 2F
0-1: Called Strike
0-2: Fly out, F4 (Line Drive, 4, EV 76.2 MPH)
Batting: LHB Lewis N. Clark 0-0: Called Strike
0-1: Called Strike
0-2: Ball
1-2: Ball
2-2: Strikes out swinging
Batting: RHB Esteban León 0-0: Fly out, F8 (Flyball, 89D, EV 111.9 MPH)
Bottom of the 2nd over - 0 runs, 0 hits, 0 errors, 0 left on base; San Mateo 0 - Las Vegas 0
TOP OF THE 3RD
San Mateo Dirty Reds batting - Pitching for Las Vegas Flamingos : RHP Kagetoki Matsubara
Batting: RHB Ambrose Watkins 0-0: SINGLE (Groundball, 34D, EV 94.4 MPH)
Batting: LHB Quitério Ruah 0-0: Grounds into double play, 4-6-3 (Groundball, 4, EV 105.6 MPH)
Batting: RHB Kawenaula Alohalani 0-0: Called Strike
0-1: Ball
1-1: Foul Ball, location: 2F
1-2: Ball
2-2: SINGLE (Groundball, 4D, EV 108.8 MPH)
Batting: LHB Esteban Sifuentes 0-0: Ball
1-0: Ground out 4-3 (Groundball, 4, EV 90.0 MPH)
Top of the 3rd over - 0 runs, 2 hits, 0 errors, 1 left on base; San Mateo 0 - Las Vegas 0
BOTTOM OF THE 3RD
Las Vegas Flamingos batting - Pitching for San Mateo Dirty Reds : RHP Justin Frederick
Batting: LHB Adrián Gómez 0-0: Ground out 4-3 (Groundball, 4, EV 85.6 MPH)
Batting: RHB Sake van Arem 0-0: DOUBLE (Groundball, 5L, EV 101.9 MPH)
Batting: RHB Samual Kingman 0-0: Ball
1-0: Ball
2-0: Called Strike
2-1: Ground out 5-3 (Groundball, 5, EV 88.8 MPH)
Batting: LHB Dirk Horwedel 0-0: Called Strike
0-1: Foul Ball, location: 2F
0-2: Ground out 4-3 (Groundball, 4MS, EV 87.5 MPH)
Bottom of the 3rd over - 0 runs, 1 hit, 0 errors, 1 left on base; San Mateo 0 - Las Vegas 0
TOP OF THE 4TH
San Mateo Dirty Reds batting - Pitching for Las Vegas Flamingos : RHP Kagetoki Matsubara
Batting: RHB Tae-cho Han 0-0: Called Strike
0-1: Ball
1-1: Foul Ball, location: 2F
1-2: Ball
2-2: SINGLE (Groundball, 6D, EV 109.4 MPH)
Batting: RHB Zahid Kashani 0-0: Ball
1-0: SINGLE (Groundball, 34, EV 101.9 MPH) (infield hit)
Tae-cho Han to second
Batting: LHB Palaie Gaoteote 0-0: 3-RUN HOME RUN (Flyball, 9LD, EV 90.0 MPH), Distance : 377 ft
Batting: RHB Nelson Jaramillo 0-0: Called Strike
0-1: Ball
1-1: Ball
2-1: Called Strike
2-2: Strikes out looking
Batting: LHB Richard Edwards 0-0: Called Strike
0-1: Swinging Strike
0-2: Ball
1-2: Ball
2-2: Ball
3-2: Base on Balls
Batting: RHB Ambrose Watkins 0-0: Ball
1-0: Called Strike
1-1: Called Strike
1-2: Ball
2-2: Foul Ball, location: 2F
2-2: Ball
3-2: Base on Balls
Richard Edwards to second
Batting: LHB Quitério Ruah 0-0: Ball
1-0: DOUBLE (Flyball, 89XD, EV 95.0 MPH)
Richard Edwards scores
Ambrose Watkins to third
Batting: RHB Kawenaula Alohalani 0-0: Foul Ball, location: 2F
0-1: Ball
1-1: 3-RUN HOME RUN (Flyball, 89XD, EV 91.2 MPH), Distance : 414 ft
Pitching: RHP Gilberto Pontojá
Batting: LHB Esteban Sifuentes 0-0: Fly out, F9 (Flyball, 9, EV 83.1 MPH)
Batting: RHB Tae-cho Han 0-0: Foul Ball, location: 2F
0-1: Ball
1-1: Ball
2-1: SINGLE (Groundball, 56D, EV 100.6 MPH)
Batting: RHB Zahid Kashani 0-0: Foul Ball, location: 2F
0-1: Foul Ball, location: 2F
0-2: Foul Ball, location: 2F
0-2: Foul Ball, location: 2F
0-2: Foul Ball, location: 2F
0-2: Ball
1-2: Strikes out swinging
Top of the 4th over - 7 runs, 6 hits, 0 errors, 1 left on base; San Mateo 7 - Las Vegas 0
BOTTOM OF THE 4TH
Las Vegas Flamingos batting - Pitching for San Mateo Dirty Reds : RHP Justin Frederick
Batting: LHB Cisco Hernández 0-0: Called Strike
0-1: DOUBLE (Flyball, 8RXD, EV 106.9 MPH)
Batting: LHB Chan-ho Shinn 0-0: Ball
1-0: Swinging Strike
1-1: Ground out 4-3 (Groundball, 4, EV 77.5 MPH)
Cisco Hernández to third
Batting: LHB Joo-Chan Park 0-0: Ball
1-0: Foul Ball, location: 2F
1-1: Ball
2-1: Foul Ball, location: 2F
2-2: Ball
3-2: Base on Balls
Batting: LHB Lewis N. Clark 0-0: Swinging Strike
0-1: Ball
1-1: Fly out, F4 (Popup, 4S, EV 58.8 MPH)
Batting: RHB Esteban León 0-0: Ball
1-0: Ball
2-0: Reached on error, E3 (Groundball, 34, EV 90.0 MPH)
Cisco Hernández scores
Joo-Chan Park to third
Batting: LHB Adrián Gómez 0-0: Foul Ball, location: 2F
0-1: Hit by Pitch
Batting: RHB Sake van Arem 0-0: Ball
1-0: Ball
2-0: Ball
3-0: Called Strike
3-1: Called Strike
3-2: Ground out 6-3 (Groundball, 6, EV 81.2 MPH)
Bottom of the 4th over - 1 run, 1 hit, 1 error, 3 left on base; San Mateo 7 - Las Vegas 1
TOP OF THE 5TH
San Mateo Dirty Reds batting - Pitching for Las Vegas Flamingos : RHP Gilberto Pontojá
Batting: LHB Palaie Gaoteote 0-0: Called Strike
0-1: Fly out, F7 (Flyball, 7LDF, EV 90.6 MPH)
Batting: RHB Nelson Jaramillo 0-0: Ball
1-0: Called Strike
1-1: SINGLE (Flyball, 89S, EV 91.2 MPH)
Batting: LHB Richard Edwards 0-0: Foul Ball, location: 2F
0-1: Ball
1-1: Foul Ball, location: 2F
1-2: SINGLE (Line Drive, 9S, EV 88.8 MPH)
Nelson Jaramillo to second
Nelson Jaramillo to third
Batting: RHB Ambrose Watkins 0-0: Grounds into double play, 1-6-3 (Groundball, 13, EV 83.8 MPH)
Top of the 5th over - 0 runs, 2 hits, 0 errors, 1 left on base; San Mateo 7 - Las Vegas 1
BOTTOM OF THE 5TH
Las Vegas Flamingos batting - Pitching for San Mateo Dirty Reds : RHP Justin Frederick
Batting: RHB Samual Kingman 0-0: Called Strike
0-1: Ball
1-1: Swinging Strike
1-2: SINGLE (Groundball, 56D, EV 103.8 MPH)
Batting: LHB Dirk Horwedel 0-0: Foul Ball, location: 2F
0-1: Ball
1-1: Ball
Samual Kingman steals 2nd base
2-1: Ground out U3 (Groundball, 34S, EV 83.1 MPH)
Samual Kingman to third
Batting: LHB Cisco Hernández 0-0: Ball
1-0: Fly out, F7 (Flyball, 7, EV 90.6 MPH)
Runner from 3rd tags up, SCORES, throw by LF
Batting: LHB Chan-ho Shinn 0-0: Swinging Strike
0-1: Called Strike
0-2: Ball
1-2: Ball
2-2: Ball
3-2: DOUBLE (Line Drive, 7LS, EV 106.9 MPH)
Batting: LHB Joo-Chan Park 0-0: Foul Ball, location: 2F
0-1: Foul Ball, location: 2F
0-2: Ball
1-2: SINGLE (Groundball, 34D, EV 97.5 MPH)
Chan-ho Shinn to third
Runner from 3rd tries for Home, SAFE, throw by RF to home
Batting: LHB Lewis N. Clark 0-0: Swinging Strike
0-1: Swinging Strike
0-2: Ball
1-2: Fly out, F9 (Flyball, 9LMF, EV 84.4 MPH)
Bottom of the 5th over - 2 runs, 3 hits, 0 errors, 1 left on base; San Mateo 7 - Las Vegas 3
TOP OF THE 6TH
San Mateo Dirty Reds batting - Pitching for Las Vegas Flamingos : RHP Gilberto Pontojá
Batting: LHB Quitério Ruah 0-0: SINGLE (Flyball, 8RS, EV 95.6 MPH)
Batting: RHB Kawenaula Alohalani 0-0: Called Strike
0-1: Ball
1-1: Ball
2-1: Ball
3-1: Called Strike
3-2: Foul Ball, location: 2F
3-2: Grounds into double play, 6-4-3 (Groundball, 6M, EV 108.8 MPH)
Batting: LHB Esteban Sifuentes 0-0: Swinging Strike
0-1: Called Strike
0-2: Ball
1-2: Foul Ball, location: 2F
1-2: Foul Ball, location: 2F
1-2: Fly out, F8 (Flyball, 8RM, EV 93.8 MPH)
Top of the 6th over - 0 runs, 1 hit, 0 errors, 0 left on base; San Mateo 7 - Las Vegas 3
BOTTOM OF THE 6TH
Las Vegas Flamingos batting - Pitching for San Mateo Dirty Reds : RHP Justin Frederick
Batting: RHB Esteban León 0-0: Ball
1-0: Ball
2-0: Foul Ball, location: 2F
2-1: Foul Ball, location: 2F
2-2: Fly out, F8 (Line Drive, 8RD, EV 108.8 MPH)
Pitching: LHP José Cotilla
Batting: LHB Adrián Gómez 0-0: Swinging Strike
0-1: Foul Ball, location: 2F
0-2: Ball
1-2: Strikes out swinging
Batting: RHB Sake van Arem 0-0: Fly out, F7 (Flyball, 7LM, EV 79.4 MPH)
Bottom of the 6th over - 0 runs, 0 hits, 0 errors, 0 left on base; San Mateo 7 - Las Vegas 3
TOP OF THE 7TH
San Mateo Dirty Reds batting - Pitching for Las Vegas Flamingos : RHP Gilberto Pontojá
Batting: RHB Tae-cho Han 0-0: Foul Ball, location: 2F
0-1: Ball
1-1: Ball
2-1: Swinging Strike
2-2: Strikes out swinging
Pitching: RHP Marcos Oquendo
Batting: RHB Zahid Kashani 0-0: Swinging Strike
0-1: Fly out, F7 (Flyball, 78D, EV 100.0 MPH)
Batting: LHB Palaie Gaoteote 0-0: Ball
1-0: Swinging Strike
1-1: Ball
2-1: Ground out 4-3 (Groundball, 4, EV 84.4 MPH)
Top of the 7th over - 0 runs, 0 hits, 0 errors, 0 left on base; San Mateo 7 - Las Vegas 3
BOTTOM OF THE 7TH
Las Vegas Flamingos batting - Pitching for San Mateo Dirty Reds : LHP José Cotilla
Batting: RHB Samual Kingman 0-0: Ball
1-0: Ball
2-0: Called Strike
2-1: Ball
3-1: Base on Balls
Batting: LHB Dirk Horwedel 0-0: Fielders Choice at 2nd, 4-6 (Groundball, 4, EV 82.5 MPH)
Batting: LHB Cisco Hernández 0-0: Called Strike
Dirk Horwedel is caught stealing 2nd base 2-6
0-1: Ball
1-1: SINGLE (Line Drive, 56, EV 97.5 MPH)
Batting: LHB Chan-ho Shinn 0-0: Called Strike
0-1: Ground out 4-3 (Groundball, 4, EV 85.6 MPH)
Bottom of the 7th over - 0 runs, 1 hit, 0 errors, 1 left on base; San Mateo 7 - Las Vegas 3
TOP OF THE 8TH
San Mateo Dirty Reds batting - Pitching for Las Vegas Flamingos : RHP Marcos Oquendo
Batting: RHB Nelson Jaramillo 0-0: Hit by Pitch
Batting: LHB Richard Edwards 0-0: Sac Bunt to 23 - play at first, batter safe!
Nelson Jaramillo to second
Batting: RHB Ambrose Watkins 0-0: Ball
1-0: Ball
2-0: Called Strike
2-1: Grounds into double play, 6-4-3 (Groundball, 6M, EV 86.9 MPH)
Nelson Jaramillo to third
Batting: LHB Quitério Ruah 0-0: Ball
1-0: Ball
2-0: Swinging Strike
2-1: Ball
3-1: SINGLE (Groundball, 34D, EV 105.0 MPH)
Nelson Jaramillo scores
Batting: RHB Kawenaula Alohalani 0-0: Ball
1-0: DOUBLE (Flyball, 89D, EV 95.6 MPH)
Quitério Ruah to third
Runner from 3rd tries for Home, throw by CF and OUT! 8-4-2
Top of the 8th over - 1 run, 3 hits, 0 errors, 1 left on base; San Mateo 8 - Las Vegas 3
BOTTOM OF THE 8TH
Las Vegas Flamingos batting - Pitching for San Mateo Dirty Reds : LHP José Cotilla
Batting: LHB Joo-Chan Park 0-0: Ball
1-0: Fly out, F8 (Flyball, 89D, EV 100.0 MPH)
Batting: LHB Lewis N. Clark 0-0: Ball
1-0: Foul Ball, location: 2F
1-1: Ball
2-1: Called Strike
2-2: Foul Ball, location: 2F
2-2: Ball
3-2: Base on Balls
Batting: RHB Esteban León 0-0: Called Strike
0-1: Ball
1-1: SINGLE (Line Drive, 9LS, EV 91.2 MPH)
Lewis N. Clark to second
Runner from 2nd tries for 3rd, SAFE, throw by RF made to third
Batting: LHB Adrián Gómez 0-0: Ball
1-0: Ball
2-0: Foul Ball, location: 2F
2-1: SINGLE (Groundball, 4MD, EV 98.8 MPH)
Lewis N. Clark scores
Esteban León to second
Pitching: LHP Urs Ehles
Batting: RHB Sake van Arem 0-0: Ball
Wild Pitch!
Esteban León to third
Adrián Gómez to second
1-0: SINGLE (Groundball, 3D, EV 97.5 MPH)
Esteban León scores
Adrián Gómez to third
Runner from 3rd tries for Home, SAFE, throw by RF to home
Batting: RHB Samual Kingman 0-0: Ball
1-0: SINGLE (Groundball, 6MD, EV 96.2 MPH)
Sake van Arem to second
Batting: LHB Dirk Horwedel 0-0: Ball
1-0: Ball
2-0: Called Strike
2-1: Ball
3-1: Base on Balls
Sake van Arem to third
Samual Kingman to second
Batting: LHB Cisco Hernández 0-0: Ball
1-0: SINGLE (Groundball, 34D, EV 100.6 MPH)
Sake van Arem scores
Samual Kingman to third
Dirk Horwedel to second
Runner from 3rd tries for Home, SAFE, throw by RF to home
Batting: LHB Chan-ho Shinn 0-0: Ball
1-0: Grounds into double play, 4-6-3 (Groundball, 4, EV 80.6 MPH)
Bottom of the 8th over - 5 runs, 5 hits, 0 errors, 1 left on base; San Mateo 8 - Las Vegas 8
TOP OF THE 9TH
San Mateo Dirty Reds batting - Pitching for Las Vegas Flamingos : RHP Marcos Oquendo
Batting: LHB Esteban Sifuentes 0-0: Ball
1-0: Foul Ball, location: 2F
1-1: Foul Ball, location: 2F
1-2: Fly out, F8 (Flyball, 8RS, EV 91.9 MPH)
Batting: RHB Tae-cho Han 0-0: Called Strike
0-1: Foul Ball, location: 2F
0-2: Fly out, F9 (Flyball, 9S, EV 96.2 MPH)
Batting: RHB Zahid Kashani 0-0: Fly out, F8 (Flyball, 8RS, EV 93.1 MPH)
Top of the 9th over - 0 runs, 0 hits, 0 errors, 0 left on base; San Mateo 8 - Las Vegas 8
BOTTOM OF THE 9TH
Las Vegas Flamingos batting - Pitching for San Mateo Dirty Reds : LHP Urs Ehles
Batting: LHB Joo-Chan Park 0-0: Foul Ball, location: 2F
0-1: Ball
1-1: Called Strike
1-2: Foul Ball, location: 2F
1-2: Ball
2-2: Foul Ball, location: 2F
2-2: SINGLE (Groundball, 34D, EV 97.5 MPH)
Pitching: LHP Faisal bin Nabeel
Batting: LHB Lewis N. Clark 0-0: Foul Ball, location: 2F
0-1: Ball
1-1: Foul Ball, location: 2F
1-2: Ball
2-2: Foul Ball, location: 2F
2-2: SINGLE (Line Drive, 7S, EV 93.8 MPH)
Joo-Chan Park to second
Batting: RHB Esteban León 0-0: Swinging Strike
0-1: Foul Ball, location: 2F
0-2: Ball
1-2: Foul Ball, location: 2F
1-2: Ball
2-2: Foul Ball, location: 2F
2-2: Foul Ball, location: 2F
2-2: Reached on error, E3 (Groundball, 3, EV 105.0 MPH)
Joo-Chan Park to third
Lewis N. Clark to second
Batting: LHB Adrián Gómez 0-0: Called Strike
0-1: Ball
1-1: Ball
2-1: Grounds into double play, 5-2-3 (Groundball, 5, EV 83.1 MPH)
Lewis N. Clark to third
Esteban León to second
Batting: RHB Sake van Arem 0-0: Ball
1-0: Ground out U3 (Groundball, 34, EV 81.2 MPH)
Bottom of the 9th over - 0 runs, 2 hits, 1 error, 2 left on base; San Mateo 8 - Las Vegas 8
TOP OF THE 10TH
San Mateo Dirty Reds batting - Pitching for Las Vegas Flamingos : RHP Marcos Oquendo
Pitching: LHP Takejiro Masuda
Batting: LHB Palaie Gaoteote 0-0: Called Strike
0-1: SOLO HOME RUN (Flyball, 9D, EV 107.5 MPH), Distance : 409 ft
Batting: RHB Nelson Jaramillo 0-0: Ball
1-0: Called Strike
1-1: Foul Ball, location: 2F
1-2: Fly out, F7 (Flyball, 7D, EV 91.9 MPH)
Batting: LHB Richard Edwards 0-0: Ball
1-0: Ball
2-0: Swinging Strike
2-1: Foul Ball, location: 2F
2-2: Ball
3-2: Strikes out swinging
Batting: RHB Ambrose Watkins 0-0: Ball
1-0: Swinging Strike
1-1: Foul Ball, location: 2F
1-2: Strikes out swinging
Top of the 10th over - 1 run, 1 hit, 0 errors, 0 left on base; San Mateo 9 - Las Vegas 8
BOTTOM OF THE 10TH
Las Vegas Flamingos batting - Pitching for San Mateo Dirty Reds : LHP Faisal bin Nabeel
Now at 1B: Jesús Gómez
Now at 2B: Silvian Burger
Now in LF: Paul Tate
Batting: RHB Samual Kingman 0-0: Ball
1-0: Called Strike
1-1: Ground out 4-3 (Groundball, 4, EV 100.6 MPH)
Batting: LHB Dirk Horwedel 0-0: Called Strike
0-1: Fly out, F9 (Flyball, 9LSF, EV 93.8 MPH)
Batting: LHB Cisco Hernández 0-0: Ball
1-0: Ball
2-0: Called Strike
2-1: Foul Ball, location: 2F
2-2: Fly out, F8 (Flyball, 78D, EV 102.5 MPH)
Bottom of the 10th over - 0 runs, 0 hits, 0 errors, 0 left on base; San Mateo 9 - Las Vegas 8
Tuesday, January 5th, 2021 - OOTP Baseball 20.8 Build 74